 Dungeon Sprint DCSS version 0.27.1-34-g3ba077fa99 (webtiles) character file.

Game seed: 17566988436038118679

452 Karpo the Unseen (level 6, -10/28 HPs)
             Began as a Spriggan Enchanter on Feb 8, 2022.
             Was an Initiate of Dithmenos.
             Mangled by a slime creature (19 damage)
             ... in the Dungeon (Sprint I: "Red Sonja").
             The game lasted 00:02:04 (638 turns).

Karpo the Unseen (Spriggan Enchanter)                Turns: 638, Time: 00:02:05

Health: -10/28     AC:  2    Str:  4    XL:     6   Next: 75%
Magic:  9/11       EV: 17    Int: 18    God:    Dithmenos [......]
Gold:   297        SH:  0    Dex: 16    Spells: 1/10 levels left

rFire    . . .     SeeInvis +   a - +1 dagger
rCold    . . .     Faith    .   (shield restricted)
rNeg     . . .     Spirit   .   b - +0 robe
rPois    .         Reflect  .   (helmet restricted)
rElec    .         Harm     .   (no cloak)
rCorr    .         Rampage  .   (gloves unavailable)
Will     +....     NoTele   +   (boots unavailable)
Stlth    ++++++++..             (no amulet)
HPRegen  0.09/turn              (no ring)
MPRegen  0.12/turn              (no ring)

@: very quick
A: very small, no large weapons, unfitting armour, see invisible, speed 3
a: Renounce Religion


You were in the Dungeon.
You worshipped Dithmenos.
Dithmenos was noncommittal.
You visited 1 branch You collected 297 gold pieces.

Inventory:

Hand Weapons
 a - a +1 dagger (weapon)
Armour
 b - a +0 robe (worn)
Scrolls
 g - a scroll of holy word {unknown}
 h - a scroll of blinking
Potions
 c - a potion of curing
 d - a potion of heal wounds
 e - a potion of haste
 f - 2 potions of magic


   Skills:
 - Level 1.1 Short Blades
 - Level 2.6 Dodging
 + Level 20.3 Stealth
 - Level 2.6 Spellcasting
 - Level 3.6 Hexes


You had one spell level left.
You knew the following spells:

 Your Spells              Type           Power      Damage    Failure   Level
a - Corona                Hex            16%        N/A       3%          1
b - Ensorcelled Hibernat  Hex/Ice        16%        N/A       12%         2
c - Confusing Touch       Hex            15%        N/A       12%         3
d - Dazzling Flash        Conj/Hex       16%        N/A       24%         3

Your spell library contained the following spells:

 Spells                   Type           Power      Damage    Failure   Level
 Tukima's Dance           Hex            15%        N/A       12%         3


Dungeon Overview and Level Annotations

Branches:
Dungeon (1/1)

Altars:
Cheibriados
Dithmenos
Elyvilon
Fedhas
Gozag
Hepliaklqana
Kikubaaqudgha
Makhleb
Nemelex Xobeh
Okawaru
Qazlal
Ru
Sif Muna
Trog
Uskayaw
Vehumet
Wu Jian
Xom
Yredelemnul
Zin
The Shining One
Jiyva
Lugonu

Shops:
D :


Innate Abilities, Weirdness & Mutations

You are very small and have problems with some larger weapons.
You are too small for most types of armour.
You have supernaturally acute eyesight. (SInv)
You cover ground extremely quickly. (Speed+++)


Message History

You now have 297 gold pieces (gained 27).
There is an open door here.
There is an open door here.
Found a sparkling altar of Nemelex Xobeh.
You see here a yak corpse.
There is an entrance to Leummout's Book Emporium here.
Casting: Ensorcelled Hibernation (safe; 12% risk of failure)
Confirm with . or Enter, or press ? or * to list all spells.
Okay, then.
You can access your shopping list by pressing '$'.
There is a shadowy altar of Dithmenos here.
You kneel at the altar of Dithmenos.
Dithmenos welcomes you!
There is an entrance to Leummout's Book Emporium here.
You see here a yak corpse.
There is an open door here.
There is an open door here.
There is an open door here.
You see here a +0 chain mail.
There is an open door here.
You open the door.
A slime creature comes into view.
Found a viscous altar of Jiyva and a corrupted altar of Lugonu.
Found a burning altar of Makhleb and a shimmering altar of Xom.
There is an open door here.
The slime creature quivers.
The slime creature hits you!!
Ouch! That really hurt!
There is a burning altar of Makhleb, spattered with blood here.
You hit the slime creature but do no damage.
The slime creature barely misses you.
Casting: Ensorcelled Hibernation (safe; 12% risk of failure)
Confirm with . or Enter, or press ? or * to list all spells.
Aiming: Ensorcelled Hibernation (safe; 12% risk of failure)
Press: ? - help, Shift-Dir - straight line, f - slime creature
Aim: a slime creature (chance to affect: 23%)
The slime creature resists with almost no effort.
The slime creature hits you!!
Ouch! That really hurt!
You die...

###################
#<.#.)'..#.)'..#__#
#..'..#.)'..#..'^J+
#..#####'#####'#@_#
#..####..#...#[####
#..#__####..##.#
#..#_____##'#_.+
#⌠⌠#_.∩..†'..._#
####_..__##_.#+#
#_____###+# #######


You could see a slime creature.

Vanquished Creatures
  Sigmund (D)
  A yak (D)
  An ogre (D)
  A jelly (D)
  Ijyb (D)
5 creatures vanquished.

Notes
Turn   | Place    | Note
-------+----------+-------------------------------------------
     0 | D        | Karpo the Spriggan Enchanter began the quest for the Orb.
     0 | D        | Reached XP level 1. HP: 9/9 MP: 5/5
     1 | D        | Noticed Ijyb
    16 | D        | Killed Ijyb
    17 | D        | Reached skill level 10 in Stealth
    17 | D        | Reached XP level 2. HP: 4/13 MP: 6/6
   253 | D        | Learned a level 2 spell: Ensorcelled Hibernation
   253 | D        | Noticed an ogre
   258 | D        | Killed an ogre
   259 | D        | Reached skill level 14 in Stealth
   259 | D        | Reached XP level 3. HP: 16/16 MP: 5/8
   259 | D        | Reached XP level 4. HP: 21/21 MP: 5/9
   263 | D        | Learned a level 3 spell: Confusing Touch
   302 | D        | Noticed Sigmund
   315 | D        | Killed Sigmund
   316 | D        | Reached skill level 18 in Stealth
   316 | D        | Reached XP level 5. HP: 8/24 MP: 7/10
   316 | D        | Reached XP level 6. HP: 9/28 MP: 7/11
   531 | D        | Found a shimmering blue altar of Sif Muna.
   532 | D        | Found an ornate altar of the Wu Jian Council.
   533 | D        | Found a radiant altar of Vehumet.
   590 | D        | Learned a level 3 spell: Dazzling Flash
   593 | D        | Found Leummout's Book Emporium.
   593 | D        | Found an ancient bone altar of Kikubaaqudgha.
   593 | D        | Found a hazy altar of Hepliaklqana.
   593 | D        | Found a stormy altar of Qazlal.
   593 | D        | Found a hide-covered altar of Uskayaw.
   593 | D        | Found a blossoming altar of Fedhas.
   593 | D        | Found a bloodstained altar of Trog.
   593 | D        | Found an iron altar of Okawaru.
   593 | D        | Found a basalt altar of Yredelemnul.
   593 | D        | Found a glowing golden altar of the Shining One.
   593 | D        | Found a snail-covered altar of Cheibriados.
   593 | D        | Found a sacrificial altar of Ru.
   593 | D        | Found a glowing silver altar of Zin.
   593 | D        | Found a shadowy altar of Dithmenos.
   593 | D        | Found a white marble altar of Elyvilon.
   593 | D        | Noticed a yak
   594 | D        | Found an opulent altar of Gozag.
   595 | D        | Killed a yak
   596 | D        | Reached skill level 20 in Stealth
   611 | D        | Found a sparkling altar of Nemelex Xobeh.
   617 | D        | Became a worshipper of Dithmenos the Shadowed
   634 | D        | Found a viscous altar of Jiyva.
   634 | D        | Found a corrupted altar of Lugonu.
   634 | D        | Noticed a slime creature
   635 | D        | Found a burning altar of Makhleb.
   635 | D        | Found a shimmering altar of Xom.
   638 | D        | Mangled by a slime creature

Illustrated notes

Levels and vault maps discovered:
D:        dungeon_sprint_1 [red_sonja_temple_1, red_sonja_temple_small_1]

Skill      XL: |  1  2  3  4  5  6 |
---------------+-------------------+-----
Stealth        | 10 14 18 20 | 20.3
Short Blades   | |  1.1
Dodging        | |  2.6
Spellcasting   | |  2.6
Hexes          | |  3.6

Action                   |  1- 3 |  4- 6 || total
-------------------------+-------+-------++-------
Melee: Dagger            |    14 |    13 ||    27
 Cast: Ensorcelled Hiber |     1 |     3 ||     4
       Confusing Touch   |       |     1 ||     1
  Use: Potion            |     1 |       ||     1
 Stab: Sleeping          |     1 |     2 ||     3
       Confused          |       |     2 ||     2
Armor: Robe              |       |     1 ||     1
Dodge: Dodged            |     8 |     6 ||    14
